 Dungeon Crawl Stone Soup version 0.22-a0-815-gb582571 (webtiles) character file.

43 iamserjio the Charlatan (level 3, -3/18 HPs)
             Began as a Spriggan Artificer on July 23, 2018.
             Slain by a hobgoblin
             ... wielding a +0 club
              (7 damage)
             ... on level 3 of the Dungeon.
             The game lasted 00:04:55 (610 turns).

iamserjio the Charlatan (Spriggan Artificer)         Turns: 610, Time: 00:04:56

Health: -3/18      AC:  2    Str:  8    XL:     3   Next: 37%
Magic:  7/7        EV: 19    Int: 13    God:
Gold:   59         SH:  0    Dex: 16    Spells: 2/2 levels left

rFire    . . .     SeeInvis +   a - +0 short sword
rCold    . . .     Gourm    .   (shield restricted)
rNeg     . . .     Faith    .   b - +0 robe
rPois    .         Spirit   .   (helmet restricted)
rElec    .         Reflect  .   (no cloak)
rCorr    .         Harm     .   (gloves unavailable)
MR       .....                  (boots unavailable)
Stlth    +++.......             (no amulet)
HPRegen  0.06/turn              (no ring)
MPRegen  0.10/turn              (no ring)

@: very quick
A: very small, unfitting armour, see invisible, herbivore, speed 3, slow
metabolism 2
a: no special abilities


You were on level 3 of the Dungeon.
You were not hungry.

You visited 1 branch of the dungeon, and saw 3 of its levels.

You collected 59 gold pieces.

Inventory:

Hand Weapons
 a - a +0 short sword (weapon)
 g - a +0 hunting sling
 q - a +0 hunting sling
Missiles
 i - 26 stones (quivered)
 l - 55 arrows
 p - a throwing net {!f}
Armour
 b - a +0 robe (worn)
 s - a +0 cloak
Jewellery
 r - an uncursed amulet of rage {unknown}
Wands
 d - a wand of enslavement (15)
 e - a wand of random effects (12)
Scrolls
 h - a scroll of identify {unknown}
 j - 2 scrolls of enchant weapon {unknown}
 m - a scroll of remove curse {unknown}
 n - a scroll of magic mapping {unknown}
Potions
 c - a potion of curing {unknown}
 k - a potion of degeneration {unknown}
 o - a potion of resistance {unknown}
Comestibles
 f - 3 rations


   Skills:
 + Level 1.3 Fighting
 + Level 1.8 Short Blades
 + Level 3.6 Dodging
 * Level 3.5 Stealth
 - Level 4.0 Evocations


You had 2 spell levels left.
You didn't know any spells.
Your spell library was empty.

Dungeon Overview and Level Annotations

Branches:
Dungeon (2/15)

Altars:


Innate Abilities, Weirdness & Mutations

You are very small and have problems with some larger weapons.
You are too small for most types of armour.
You have supernaturally acute eyesight. (SInv)
You are a herbivore.
You cover ground extremely quickly.
You need to consume almost no food.


Message History

The hobgoblin hits you but does no damage.
You hit the hobgoblin.
The hobgoblin is severely wounded.
The hobgoblin closely misses you.
You barely miss the hobgoblin.
The hobgoblin is severely wounded.
The hobgoblin hits you with a club.
* * * LOW HITPOINT WARNING * * *
You hit the hobgoblin but do no damage.
The hobgoblin is severely wounded.
The hobgoblin closely misses you.
You hit the hobgoblin but do no damage.
The hobgoblin is severely wounded.
The hobgoblin misses you.
You closely miss the hobgoblin.
The hobgoblin is severely wounded.
You completely miss the hobgoblin.
The hobgoblin is severely wounded.
The hobgoblin hits you with a club!
You die...

.# .# .# .#
.# ##.######
####.g......
#...@# #....#
#....#
.........
#...........
#.........###
####..%.###
#....? r.....


You could see a hobgoblin.

Vanquished Creatures
  An adder (D:2)
  2 leopard geckos (D:2)
  2 ball pythons (D:2)
  3 bats (D:2)
  A giant cockroach (D:2)
  5 goblins
  3 hobgoblins (D:2)
  6 jackals
  A kobold (D:2)
  A ball python zombie (D:1)
  A frilled lizard (D:2)
  A giant cockroach zombie (D:1)
27 creatures vanquished.

Notes
Turn   | Place    | Note
-------+----------+-------------------------------------------
     0 | D:1      | iamserjio the Spriggan Artificer began the quest for the Orb.
     0 | D:1      | Reached XP level 1. HP: 9/9 MP: 4/4
   148 | D:2      | Reached skill level 1 in Fighting
   177 | D:2      | Reached XP level 2. HP: 11/14 MP: 6/6
   354 | D:2      | Reached XP level 3. HP: 16/18 MP: 7/7
   529 | D:2      | Noticed a bullfrog
   599 | D:2      | You fall through a shaft!
   610 | D:3      | Slain by a hobgoblin

Vault maps used:
D:1:      saegor_arrival_fortress, minmay_misc_feat_diagonals

Skill      XL: |  1  2 |
---------------+-------+-----
Stealth        | 2 3 |  3.5
Fighting       | 1 |  1.3
Short Blades   | |  1.8
Dodging        | |  3.6
Evocations     | |  4.0

Action                   || total
-------------------------++-------
Melee: Short sword       ||    74
Evoke: Wand              ||    18
 Stab: Distracted        ||     1
       Sleeping          ||     1
Armor: Robe              ||     5
Dodge: Dodged            ||    66

Table legend:
 A = Spawn XP
 B = Non-spawn XP
 C = Spawn XP percentage of total XP
 D = Spawn monster count
 E = Non-spawn monster count
 F = Spawn count percentage of total count
 G = Total turns spent on level
                    A         B        C        D         E        F      G
               +---------+---------+-------+---------+---------+-------+---------
         Total |       0 |      62 |   0.0 |       0 |      27 |   0.0 |   610
               +---------+---------+-------+---------+---------+-------+---------
           D:1 |       0 |      13 |   0.0 |       0 |       8 |   0.0 |   178
           D:2 |       0 |      49 |   0.0 |       0 |      19 |   0.0 |   421
               +---------+---------+-------+---------+---------+-------+---------
